 Dungeon Crawl Stone Soup version 0.17-a0-1-g1f4be75 (webtiles) character file.

935 McCoppin the Spear-Bearer (level 8, 0/63 HPs)
             Began as a Formicid Fighter on Mar 7, 2015.
             Slain by a scorpion (5 damage)
             ... on level 4 of the Dungeon.
             The game lasted 00:15:28 (4324 turns).

McCoppin the Spear-Bearer (Formicid Fighter)        Turns: 4324, Time: 00:15:28

Health: 0/63       AC:  6    Str: 24    XL:     8   Next: 33%
Magic:  11/11      EV:  8    Int:  7    God:
Gold:   220        SH:  9    Dex: 10    Spells: 0 memorised, 7 levels left

rFire  x . .     SeeInvis +     a - +0 trident
rCold  + . .     Clarity  .     b - +0 scale mail
rNeg   . . .     SustAb   .     c - +0 shield
rPois  .         Gourm    .     (helmet unavailable)
rElec  .         Spirit   .     (no cloak)
rCorr  .         Warding  .     (no gloves)
rMut   .         Stasis   +     (no boots)
MR     .....                    (no amulet)
Stlth  ..........               (no ring)
                                k - ring of ice

@: lethally poisoned (0 -> -9), not resistant to hostile enchantments, extremely
unstealthy
A: permanent stasis, dig shafts and tunnels, four strong arms, antennae 3,
robust 1
a: Dig, Shaft Self


You were on level 4 of the Dungeon.
You were not hungry.

You visited 2 branches of the dungeon, and saw 5 of its levels.

You collected 220 gold pieces.

Inventory:

Hand weapons
 a - a +0 trident (weapon)
 n - a +0 blowgun
Missiles
 o - 15 poisoned needles
Armour
 b - a +0 scale mail (worn)
 c - a +0 shield (worn)
Rods
 l - a +0 rod of destruction (12/12)
   (You found it on level 2 of the Dungeon)
Jewellery
 k - a ring of ice (left hand)
Magical devices
 p - a wand of slowing (27)
Scrolls
 f - a scroll of remove curse
 h - a scroll of enchant weapon {unknown}
 i - a scroll of magic mapping {unknown}
 m - a scroll of blinking {unknown}
Potions
 e - a potion of might
Comestibles
 d - a beef jerky
 g - a meat ration
 j - 2 fruits
 q - 2 chunks of flesh


   Skills:
 - Level 3.2 Fighting
 + Level 9.3 Polearms
 - Level 3.2 Armour
 - Level 3.6 Shields


You had 7 spell levels left.
You didn't know any spells.

Dungeon Overview and Level Annotations

Branches:
Dungeon (4/15)             Temple (1/1) D:4

Altars:
Cheibriados
Elyvilon
Gozag
Kikubaaqudgha
Makhleb
Okawaru
Qazlal
Ru
Sif Muna
Xom
Yredelemnul


Innate Abilities, Weirdness & Mutations

You are under a permanent stasis effect.
You can dig through walls and to a lower floor.
Your four strong arms can wield two-handed weapons with a shield.
You have a pair of large antennae on your head (SInv).
You are robust (+10% HP).


Message History

You feel sick. The orc closely misses you. The scorpion stings you.
* * * LOW HITPOINT WARNING * * *
You closely miss the scorpion.
The scorpion is severely wounded.
* * * LOW HITPOINT WARNING * * *
You feel sick. The scorpion barely misses you.
The orc hits you but does no damage.
You hit the scorpion.
The scorpion is almost dead.
* * * LOW HITPOINT WARNING * * *
You feel sick. You block the scorpion's attack.
The orc hits you with a flail of protection.
* * * LOW HITPOINT WARNING * * *
Drink which item? (? for menu, Esc to quit)
Okay, then.
You closely miss the scorpion.
The scorpion is almost dead.
* * * LOW HITPOINT WARNING * * *
You feel sick. The scorpion stings you.
You die...

####.##.....>...
#.#####......
#.##......###
#########.##......'..
...........##......##.
#####.)..............
#...[..)....####...
#.os........###....
#.@................
#..................
##...............8>8
#...........#.....?.
#...........#.......
#...........####....
#...........# ##...
#.......>...# ##..
#...........# #...


You could see a scorpion and an orc.

Vanquished Creatures
  A phantom (D:4)
  A sky beast (D:4)
  3 ogres (D:4)
  The ghost of Malachi the Charmwright, an average HESk (D:3)
  3 hounds (D:4)
  An orc priest (D:4)
  An orc wizard (D:4)
  3 worker ants (D:4)
  9 adders
  A gnoll (D:4)
  2 giant mites
  3 worms
  An adder skeleton (D:4)
  2 giant geckos
  5 orcs (D:4)
  3 bats
  12 hobgoblins
  10 jackals
  2 quokkas
  3 giant cockroaches
  9 giant newts
  6 goblins
  10 kobolds
  A quokka skeleton (D:4)
  14 rats
107 creatures vanquished.

Notes
Turn   | Place    | Note
--------------------------------------------------------------
     0 | D:1      | McCoppin, the Formicid Fighter, began the quest for the Orb.
     0 | D:1      | Reached XP level 1. HP: 18/18 MP: 1/1
   110 | D:1      | Reached XP level 2. HP: 24/24 MP: 3/3
   318 | D:1      | Reached XP level 3. HP: 26/29 MP: 4/4
   905 | D:2      | Reached skill level 4 in Polearms
   905 | D:2      | Reached XP level 4. HP: 35/35 MP: 5/5
  1010 | D:2      | Found a stormy altar of Qazlal.
  1086 | D:2      | Found an iron altar of Okawaru.
  1106 | D:2      | Identified a +0 rod of destruction (12/12) (You found it on level 2 of the Dungeon)
  1142 | D:2      | Reached XP level 5. HP: 41/41 MP: 7/7
  1296 | D:2      | Reached skill level 5 in Polearms
  1643 | D:3      | Noticed Malachi's ghost (average HESk)
  1885 | D:3      | Killed Malachi's ghost
  1885 | D:3      | Reached XP level 6. HP: 35/47 MP: 8/8
  2085 | D:3      | Reached skill level 6 in Polearms
  2093 | D:3      | Found an opulent altar of Gozag.
  2937 | D:4      | Reached skill level 7 in Polearms
  2937 | D:4      | Reached XP level 7. HP: 18/52 MP: 9/9
  3321 | D:4      | Reached skill level 8 in Polearms
  3376 | D:4      | Noticed a sky beast
  3392 | D:4      | Killed a sky beast
  3392 | D:4      | Reached XP level 8. HP: 33/58 MP: 11/11
  3396 | D:4      | Gained mutation: You are robust (+10% HP). [mutagenic meat]
  3635 | D:4      | Found a snail-covered altar of Cheibriados.
  3832 | D:4      | Reached skill level 9 in Polearms
  3873 | D:4      | Found a staircase to the Ecumenical Temple.
  3881 | Temple   | Entered the Ecumenical Temple
  4324 | D:4      | Slain by a scorpion

Action                   |  1- 3 |  4- 6 |  7- 9 || total
-------------------------+-------+-------+-------++-------
Melee: Trident           |   104 |   205 |   183 ||   492
 Abil: Dig               |       |     1 |       ||     1
Evoke: Rod               |       |     3 |       ||     3
  Use: Potion            |     2 |     3 |       ||     5
       Scroll            |     1 |     5 |       ||     6
 Stab: Invisible         |     2 |       |       ||     2
  Eat: Meat ration       |       |     1 |       ||     1
       Bread ration      |       |     1 |     1 ||     2
       Chunk             |       |       |     2 ||     2
